[Event "FIDE WYCC Girls U18 2023"]
[Site "Montesilvano"]
[Date "2023.11.23"]
[Round "10.9"]
[White "Margadgua Erdenebayar"]
[Black "Naymanova, Patricie"]
[Result "1/2-1/2"]
[ECO "B23"]
[WhiteElo "2013"]
[BlackElo "2083"]
[Annotator "NA RC"]
[PlyCount "98"]
[EventDate "2023.11.13"]
[EventType "swiss"]
[EventCountry "ITA"]
[SourceTitle "playchess.com"]
[Source "ChessBase"]
[SourceQuality "1"]
[TimeControl "40/5400+30:1800+30"]

1. e4 c5 2. Nc3 a6 3. g3 b5 4. Bg2 Bb7 5. d3 Nf6 6. Nh3 e6 7. O-O d6 8. f4 Nc6 9. Nf2 Be7 10. Ne2 Qc7 11. c3 O-O 12. g4 b4 13. Ng3 Nd7 14. f5 bxc3 15. bxc3 Bf6 16. Bd2 Be5 17. g5 Bxg3 18. hxg3 exf5 19. Qh5 g6 20. Qh3 Ne7 21. Rab1 Bc6 22. d4 fxe4 23. Bxe4 d5 24. Bf3 f5 25. gxf6 Nxf6 26. Qe6+ Kg7 27. Bf4 Qd7 28. Rfe1 Qxe6 29. Rxe6 Kf7 30. Rbe1 Rfe8 31. Bg5 Neg8 32. Rxe8 Rxe8 33. Rxe8 Kxe8 34. dxc5 Ne4 35. Nxe4 dxe4 36. Be2 h6 37. Bc4 hxg5 38. Bxg8 e3 39. Kf1 Bf3 40. Bc4 a5 41. a3 g4 42. Bb5+ Ke7 43. Ke1 Ke6 44. Bc4+ Ke5 45. Kf1 g5 46. Ke1 Kf6 47. Bb5 Ke6 48. Bc4+ Ke5 49. Kf1 Kf6 1/2-1/2

[Event "FIDE WYCC Girls U18 2023"]
[Site "Montesilvano"]
[Date "2023.11.23"]
[Round "10.10"]
[White "Nguyen, Thien Ngan"]
[Black "Hakobyan, Astghik"]
[Result "1-0"]
[ECO "B13"]
[WhiteElo "1891"]
[BlackElo "2073"]
[Annotator "NA RC"]
[PlyCount "61"]
[EventDate "2023.11.13"]
[EventType "swiss"]
[EventCountry "ITA"]
[SourceTitle "playchess.com"]
[Source "ChessBase"]
[SourceQuality "1"]
[TimeControl "40/5400+30:1800+30"]

1. e4 c6 2. d4 d5 3. exd5 cxd5 4. Bd3 Nf6 5. c3 Bg4 6. Qb3 Qc7 7. h3 Bh5 8. Bg5 e6 9. Nd2 Bd6 10. Ngf3 Nc6 11. O-O O-O 12. a4 Rab8 13. Rfe1 a6 14. Qc2 Bg6 15. Bxg6 hxg6 16. Qd3 Rfc8 17. h4 b5 18. axb5 Rxb5 19. b3 Rb6 20. Rec1 e5 21. dxe5 Nxe5 22. Nxe5 Bxe5 23. Rxa6 Rxa6 24. Qxa6 Ng4 25. Qe2 f5 26. Nf3 Bxc3 27. Qe6+ Kh8 28. Qxg6 Qc5 29. Be3 Qe7 30. Bd4 Re8 31. Bxc3 1-0

[Event "FIDE WYCC Girls U18 2023"]
[Site "Montesilvano"]
[Date "2023.11.23"]
[Round "10.11"]
[White "Starosta, Martyna"]
[Black "Keerti Shree Reddy"]
[Result "*"]
[ECO "B27"]
[WhiteElo "2208"]
[BlackElo "1741"]
[Annotator "RC"]
[PlyCount "64"]
[EventDate "2023.11.13"]
[EventType "swiss"]
[EventCountry "ITA"]
[SourceTitle "playchess.com"]
[Source "ChessBase"]
[SourceQuality "1"]
[TimeControl "40/5400+30:1800+30"]

1. e4 c5 2. Nf3 g6 3. d4 cxd4 4. Nxd4 Bg7 5. c4 Nc6 6. Be3 Nf6 7. Nc3 d6 8. Be2 O-O 9. O-O Nxd4 10. Bxd4 Bd7 11. h3 Bc6 12. Qc2 Nd7 13. Bxg7 Kxg7 14. Rad1 a5 15. Bg4 b6 16. f4 Nf6 17. e5 Nxg4 18. hxg4 Bd7 19. Qe2 Qc8 20. f5 gxf5 21. exd6 exd6 22. Qe7 h6 23. Qxd6 Be6 24. gxf5 Bxc4 25. Rf4 f6 26. Rh4 Kf7 27. Ne4 Qd8 28. Qxd8 Rfxd8 29. Nd6+ Rxd6 30. Rxd6 Bxa2 31. Rxb6 Bd5 32. Rxh6 Rg8 *

[Event "FIDE WYCC Girls U18 2023"]
[Site "Montesilvano"]
[Date "2023.11.23"]
[Round "10.12"]
[White "Blanquet, Camille"]
[Black "Mungunzul, Bat-Erdene"]
[Result "1/2-1/2"]
[ECO "D10"]
[WhiteElo "1953"]
[BlackElo "2111"]
[Annotator "NA RC"]
[PlyCount "124"]
[EventDate "2023.11.13"]
[EventType "swiss"]
[EventCountry "ITA"]
[SourceTitle "playchess.com"]
[Source "ChessBase"]
[SourceQuality "1"]
[TimeControl "40/5400+30:1800+30"]

1. d4 d5 2. c4 c6 3. cxd5 cxd5 4. Bf4 Qb6 5. Nc3 Nf6 6. e3 Qxb2 7. Bb5+ Nc6 8. Nge2 Bf5 9. O-O Qa3 10. f3 a6 11. g4 Bd7 12. Ba4 e6 13. Rb1 Na5 14. g5 Bxa4 15. Qxa4+ Qxa4 16. Nxa4 Nd7 17. Bc7 Nc4 18. Rxb7 Nxe3 19. Rfb1 Nc4 20. Kf2 Be7 21. Bf4 Na5 22. Nb6 Nxb6 23. R7xb6 O-O 24. Rc1 Nc4 25. Rb7 Ba3 26. Rcb1 Bd6 27. Rd7 Rfd8 28. Rbb7 Rxd7 29. Rxd7 Bxf4 30. Nxf4 Rb8 31. Nd3 a5 32. Ra7 Re8 33. Ne5 Nxe5 34. dxe5 h6 35. gxh6 gxh6 36. Rxa5 Rb8 37. Ra7 Rb2+ 38. Kg3 Kg7 39. a4 Kg6 40. a5 Ra2 41. a6 h5 42. h4 Ra4 43. Kh3 d4 44. Kg3 Kf5 45. Rxf7+ Kxe5 46. a7 Kd5 47. Rd7+ Kc4 48. f4 Kd3 49. Kf3 Ra3 50. Rc7 Ra1 51. Rd7 Ra4 52. Re7 Kd2 53. Rd7 d3 54. Re7 Kd1 55. Rd7 d2 56. Ke3 Ra3+ 57. Kf2 Ra2 58. Ke3 Ra3+ 59. Kf2 Kc1 60. Rc7+ Kd1 61. Rd7 Ra2 62. Ke3 Ra3+ 1/2-1/2

[Event "FIDE WYCC Girls U18 2023"]
[Site "Montesilvano"]
[Date "2023.11.23"]
[Round "10.13"]
[White "Follana Albelda, Lucia"]
[Black "Sevcikova, Lucia"]
[Result "1/2-1/2"]
[ECO "C11"]
[WhiteElo "1946"]
[BlackElo "2047"]
[Annotator "NA RC"]
[PlyCount "94"]
[EventDate "2023.11.13"]
[EventType "swiss"]
[EventCountry "ITA"]
[SourceTitle "playchess.com"]
[Source "ChessBase"]
[SourceQuality "1"]
[TimeControl "40/5400+30:1800+30"]

1. e4 e6 2. d4 d5 3. Nc3 Nf6 4. Bg5 dxe4 5. Nxe4 Be7 6. Bxf6 gxf6 7. Nc3 c6 8. Qd2 b5 9. O-O-O b4 10. Nce2 Qd5 11. Kb1 e5 12. Nf3 Be6 13. b3 Nd7 14. c4 bxc3 15. Nxc3 Qa5 16. d5 cxd5 17. Nxd5 Qxd5 18. Qxd5 Bxd5 19. Rxd5 O-O-O 20. Bd3 Nc5 21. Bf5+ Kb8 22. Rxd8+ Rxd8 23. Kc2 h6 24. Rd1 Ne6 25. Rxd8+ Bxd8 26. Kd2 Ba5+ 27. Ke3 Bb6+ 28. Ke2 Kc7 29. g3 Nd4+ 30. Nxd4 Bxd4 31. Bd3 Kd6 32. g4 Bb2 33. Bc4 Ke7 34. Kd3 a5 35. Ke4 Bc1 36. h3 Ba3 37. Kd5 Kd7 38. f3 Bb4 39. Bb5+ Ke7 40. Bc6 Ba3 41. Kc4 f5 42. gxf5 f6 43. Kb5 Bb4 44. a3 Bxa3 45. Kxa5 Kd6 46. Kb5 h5 47. Be8 h4 1/2-1/2

[Event "FIDE WYCC Girls U18 2023"]
[Site "Montesilvano"]
[Date "2023.11.23"]
[Round "10.14"]
[White "Groeschel, Karoline"]
[Black "Dakic, Marta"]
[Result "1/2-1/2"]
[ECO "C78"]
[WhiteElo "1924"]
[BlackElo "2013"]
[Annotator "NA RC"]
[PlyCount "139"]
[EventDate "2023.11.13"]
[EventType "swiss"]
[EventCountry "ITA"]
[SourceTitle "playchess.com"]
[Source "ChessBase"]
[SourceQuality "1"]
[TimeControl "40/5400+30:1800+30"]

1. e4 e5 2. Nf3 Nc6 3. Bb5 a6 4. Ba4 Nf6 5. O-O b5 6. Bb3 Be7 7. d4 exd4 8. e5 Ne4 9. Bd5 Nc5 10. Nxd4 Bb7 11. Nf5 O-O 12. Re1 d6 13. exd6 Bxd6 14. Qg4 g6 15. Nh6+ Kg7 16. Qf3 Ne5 17. Rxe5 Bxe5 18. Bxb7 Nxb7 19. Ng4 f6 20. Bh6+ Kg8 21. Nxe5 Qd4 22. Nc3 fxe5 23. Bxf8 Rxf8 24. Qe2 Nd6 25. a3 a5 26. Rd1 Qf4 27. Nd5 Qf7 28. b3 c6 29. Nc3 Qf6 30. f3 Nf5 31. a4 Qe7 32. Qf2 Qb4 33. Qd2 Qd4+ 34. Kh1 Ne3 35. Qxd4 exd4 36. Rxd4 Nxc2 37. Rd2 Re8 38. Kg1 Na1 39. axb5 cxb5 40. Nxb5 Nxb3 41. Ra2 Re5 42. Nc3 Kf7 43. Kf2 Nc1 44. Rd2 Rc5 45. Ne4 Rc7 46. Nd6+ Ke7 47. Nb5 Rb7 48. Nd4 a4 49. Nc6+ Kf6 50. Rc2 Rb1 51. Nb4 a3 52. Ke3 Rxb4 53. Rxc1 a2 54. Rc6+ Ke5 55. Rc5+ Kd6 56. Ra5 Rb2 57. g4 Rxh2 58. f4 Rc2 59. f5 gxf5 60. gxf5 Ke7 61. Ra6 h5 62. Kf4 h4 63. Kg4 Rh2 64. Ra7+ Kf6 65. Ra6+ Ke7 66. Ra7+ Kd6 67. f6 Ke6 68. f7 Rf2 69. Rxa2 Rxf7 70. Kxh4 1/2-1/2

[Event "FIDE WYCC Girls U18 2023"]
[Site "Montesilvano"]
[Date "2023.11.23"]
[Round "10.15"]
[White "O'Carroll, Om"]
[Black "Skarbarchuk, Tetyana"]
[Result "1-0"]
[ECO "C15"]
[WhiteElo "1737"]
[BlackElo "2010"]
[Annotator "NA RC"]
[PlyCount "119"]
[EventDate "2023.11.13"]
[EventType "swiss"]
[EventCountry "ITA"]
[SourceTitle "playchess.com"]
[Source "ChessBase"]
[SourceQuality "1"]
[TimeControl "40/5400+30:1800+30"]

1. e4 e6 2. d4 d5 3. Nc3 Bb4 4. Nge2 dxe4 5. a3 Bxc3+ 6. Nxc3 Nc6 7. Bf4 Nf6 8. Bb5 Nd5 9. Bxc6+ bxc6 10. Bd2 Nxc3 11. Bxc3 Qg5 12. O-O O-O 13. Qe2 f5 14. f3 a5 15. Qc4 Kh8 16. Qxc6 Rb8 17. Qxc7 Ba6 18. f4 Qg4 19. Rf2 Rbc8 20. Qxa5 e3 21. Rf3 Bb7 22. Rg3 Qxf4 23. Rf1 Qe4 24. Qe5 Qxe5 25. dxe5 f4 26. Rg4 e2 27. Re1 Ba6 28. Kf2 Rf5 29. h4 Rcf8 30. Bb4 R8f7 31. Bd6 h5 32. Rg6 f3 33. g3 Bc8 34. Rh1 Kh7 35. Rg5 Rxg5 36. hxg5 Kg6 37. a4 Ra7 38. Ra1 Bb7 39. b4 Kf5 40. c4 Ke4 41. b5 Kd3 42. c5 Bd5 43. c6 Ra8 44. c7 h4 45. gxh4 Rh8 46. Kg3 Bb7 47. Bc5 Kd2 48. Bf2 Rc8 49. b6 Ra8 50. Be1+ Kc2 51. a5 Kb2 52. Ra4 Kb3 53. Rd4 f2 54. Kxf2 Rf8+ 55. Kxe2 Rf5 56. Bg3 Ba6+ 57. Kd2 Rf3 58. Be1 Rc3 59. Kd1 Rc5 60. Rb4+ 1-0

[Event "FIDE WYCC Girls U18 2023"]
[Site "Montesilvano"]
[Date "2023.11.23"]
[Round "10.16"]
[White "Tikvesli, Ceylin"]
[Black "Matute Escobar, Roxanny"]
[Result "1-0"]
[ECO "B08"]
[WhiteElo "1736"]
[BlackElo "1995"]
[Annotator "NA RC"]
[PlyCount "99"]
[EventDate "2023.11.13"]
[EventType "swiss"]
[EventCountry "ITA"]
[SourceTitle "playchess.com"]
[Source "ChessBase"]
[SourceQuality "1"]
[TimeControl "40/5400+30:1800+30"]

1. Nf3 Nf6 2. d4 g6 3. Nc3 Bg7 4. e4 d6 5. Be3 c6 6. Qd2 b5 7. Bd3 Nbd7 8. O-O-O Ng4 9. Kb1 Nxe3 10. Qxe3 b4 11. Ne2 Nf6 12. h3 Qa5 13. Nc1 Bd7 14. Nb3 Qb6 15. Nfd2 a5 16. Nc4 Qa7 17. f4 a4 18. Nc1 O-O 19. g4 d5 20. Ne5 dxe4 21. Bxe4 Nd5 22. Bxd5 cxd5 23. Ncd3 b3 24. cxb3 a3 25. bxa3 Qxa3 26. Rh2 Bb5 27. Nc5 Rfc8 28. h4 Bc4 29. h5 Qb4 30. hxg6 fxg6 31. Nxc4 dxc4 32. Qe6+ Kf8 33. Qd5 Rxc5 34. Qxc5 Qxc5 35. dxc5 cxb3 36. Rd3 bxa2+ 37. Rxa2 Rb8+ 38. Kc1 Kf7 39. c6 Rc8 40. Rc2 h5 41. g5 Ke8 42. c7 h4 43. Kd1 e5 44. fxe5 Ke7 45. Rc5 h3 46. Rxh3 Ke6 47. Ke2 Bf8 48. Rh8 Bxc5 49. Rxc8 Kd7 50. Rg8 1-0

[Event "FIDE WYCC Girls U18 2023"]
[Site "Montesilvano"]
[Date "2023.11.23"]
[Round "10.17"]
[White "Sovetbekova, Nurai"]
[Black "Wan, Qian"]
[Result "*"]
[WhiteElo "1801"]
[BlackElo "1945"]
[Annotator "NA RC"]
[PlyCount "52"]
[EventDate "2023.11.13"]
[EventType "swiss"]
[EventCountry "ITA"]
[SourceTitle "playchess.com"]
[Source "ChessBase"]
[SourceQuality "1"]
[TimeControl "40/5400+30:1800+30"]

1. d4 d5 2. c4 e6 3. Nc3 Bb4 4. Nf3 Nf6 5. Bg5 h6 6. Bxf6 Qxf6 7. e3 O-O 8. Qb3 Bxc3+ 9. Qxc3 Qe7 10. Bd3 c5 11. cxd5 cxd4 12. Nxd4 exd5 13. O-O Nd7 14. Rac1 Ne5 15. Bb1 b6 16. Nc6 Nxc6 17. Qxc6 Be6 18. Qc2 g6 19. Rfd1 Rac8 20. Qd2 Kg7 21. h3 Qf6 22. a3 Rfd8 23. Ba2 d4 24. Rxc8 Rxc8 25. Bxe6 dxe3 26. Qxe3 Re8 *

[Event "FIDE WYCC Girls U18 2023"]
[Site "Montesilvano"]
[Date "2023.11.23"]
[Round "10.18"]
[White "Striskova, Lucia"]
[Black "Oviedo Acosta, Paula"]
[Result "1-0"]
[ECO "B43"]
[WhiteElo "2039"]
[BlackElo "1639"]
[Annotator "NA RC"]
[PlyCount "151"]
[EventDate "2023.11.13"]
[EventType "swiss"]
[EventCountry "ITA"]
[SourceTitle "playchess.com"]
[Source "ChessBase"]
[SourceQuality "1"]
[TimeControl "40/5400+30:1800+30"]

1. e4 c5 2. Nf3 e6 3. d4 cxd4 4. Nxd4 a6 5. Nc3 b5 6. Bd3 Qb6 7. Nb3 Qc7 8. a4 b4 9. Ne2 Bb7 10. Bf4 e5 11. Bd2 Nf6 12. Ng3 Nc6 13. O-O g6 14. Bg5 Ng8 15. Bc4 Nd4 16. Qd3 Ne6 17. Be3 h5 18. Rad1 Nf6 19. f3 Nc5 20. Nxc5 Bxc5 21. b3 O-O 22. Kh1 Kg7 23. Bg5 Nh7 24. Bc1 Rad8 25. Bxa6 Bxa6 26. Qxa6 Bd4 27. Ne2 Qxc2 28. Nxd4 exd4 29. Qd3 Qxd3 30. Rxd3 d5 31. Rxd4 dxe4 32. Rxe4 Rb8 33. Bb2+ Kh6 34. Kg1 Rfd8 35. Rfe1 Rd3 36. R1e3 Rd5 37. Rd4 Rc5 38. Kf2 Ng5 39. Rc4 Rxc4 40. bxc4 Ra8 41. Rb3 Rxa4 42. Bc1 h4 43. Bd2 Ra2 44. Ke1 Kh5 45. h3 Ra1+ 46. Ke2 Ne6 47. Rxb4 Ra2 48. Kd3 Nc5+ 49. Ke3 f5 50. Rb5 Ne6 51. Rd5 Kg5 52. Ra5 Rb2 53. Kd3+ Kh5 54. Kc3 Rb1 55. Re5 Rb6 56. c5 Ra6 57. Bc1 Nc7 58. Kb3 Ne6 59. Be3 Rc6 60. Kc4 Ra6 61. c6 Rxc6+ 62. Kd5 Rc2 63. Kxe6 Rxg2 64. Kf6 Ra2 65. Re8 Ra6+ 66. Kg7 f4 67. Bxf4 Ra7+ 68. Kf6 Ra6+ 69. Re6 Ra5 70. Re5+ Rxe5 71. Bxe5 Kh6 72. Bf4+ Kh5 73. Bc1 g5 74. Kf5 Kh6 75. Bxg5+ Kh5 76. Bxh4 1-0

[Event "FIDE WYCC Girls U18 2023"]
[Site "Montesilvano"]
[Date "2023.11.23"]
[Round "10.19"]
[White "Hyatt, Jessica"]
[Black "Sosovickova, Jana"]
[Result "*"]
[ECO "D30"]
[WhiteElo "1818"]
[BlackElo "2013"]
[Annotator "NA RC"]
[PlyCount "46"]
[EventDate "2023.11.13"]
[EventType "swiss"]
[EventCountry "ITA"]
[SourceTitle "playchess.com"]
[Source "ChessBase"]
[SourceQuality "1"]
[TimeControl "40/5400+30:1800+30"]

1. d4 d5 2. c4 e6 3. Nf3 Nf6 4. e3 Be7 5. Nc3 O-O 6. b3 Nbd7 7. Bd3 b6 8. cxd5 exd5 9. O-O Bb7 10. Qc2 c5 11. Bb2 Rc8 12. Rac1 Bd6 13. Rfd1 Qe7 14. Qe2 Rfd8 15. Bf5 g6 16. Bh3 a6 17. Rc2 Rc7 18. Na4 b5 19. Nxc5 Nxc5 20. dxc5 Rxc5 21. Rxc5 Bxc5 22. Qc2 Ne4 23. Nd2 Nxf2 *

[Event "FIDE WYCC Girls U18 2023"]
[Site "Montesilvano"]
[Date "2023.11.23"]
[Round "10.20"]
[White "Sasvatha A"]
[Black "Wisniowski, Natalie"]
[Result "0-1"]
[ECO "D10"]
[WhiteElo "1568"]
[BlackElo "1901"]
[Annotator "NA"]
[PlyCount "64"]
[EventDate "2023.11.13"]
[EventType "swiss"]
[EventCountry "ITA"]
[SourceTitle "playchess.com"]
[Source "ChessBase"]
[SourceQuality "1"]
[TimeControl "40/5400+30:1800+30"]

1. d4 d5 2. Nf3 Nf6 3. c4 c6 4. cxd5 cxd5 5. Nc3 Nc6 6. a3 Bf5 7. Qb3 Na5 8. Qa4+ Bd7 9. Qd1 e6 10. e3 Rc8 11. Ne5 Bd6 12. Nxd7 Qxd7 13. Bd2 Nc6 14. b4 O-O 15. Na4 Qe7 16. Bd3 e5 17. b5 Nb8 18. Bf5 Nbd7 19. dxe5 Qxe5 20. Bh3 Rc4 21. Rb1 Rfc8 22. Nb2 Rc2 23. Nd3 Qe4 24. Nb4 R2c5 25. a4 Rc4 26. Na2 Rc2 27. Nb4 Rxd2 28. Kxd2 Bxb4+ 29. Ke2 Qc4+ 30. Qd3 Qa2+ 31. Kd1 Ne4 32. Qxe4 Qd2# 0-1

[Event "FIDE WYCC Girls U18 2023"]
[Site "Montesilvano"]
[Date "2023.11.23"]
[Round "10.21"]
[White "Soares, Sara Joana De Moura "]
[Black "Bhagyashree Patil"]
[Result "0-1"]
[ECO "D35"]
[WhiteElo "1772"]
[BlackElo "1830"]
[Annotator "NA RC"]
[PlyCount "58"]
[EventDate "2023.11.13"]
[EventType "swiss"]
[EventCountry "ITA"]
[SourceTitle "playchess.com"]
[Source "ChessBase"]
[SourceQuality "1"]
[TimeControl "40/5400+30:1800+30"]

1. d4 d5 2. c4 e6 3. Nc3 Nf6 4. cxd5 exd5 5. Bg5 Be7 6. e3 c6 7. Bd3 Nbd7 8. Qc2 Nf8 9. h3 Ne6 10. Bh4 g6 11. Nf3 O-O 12. O-O Ng7 13. a3 Nf5 14. Rab1 Nxh4 15. Nxh4 Nh5 16. Nf3 Bd6 17. b4 Qf6 18. Nd2 Re8 19. a4 Kh8 20. Qd1 Bc7 21. b5 Qd6 22. Nf3 Bd7 23. bxc6 bxc6 24. Re1 Re7 25. Qc2 Qf6 26. Nd2 Rae8 27. Rb7 Bxh3 28. gxh3 Bh2+ 29. Kxh2 Qxf2+ 0-1

[Event "FIDE WYCC Girls U18 2023"]
[Site "Montesilvano"]
[Date "2023.11.23"]
[Round "10.22"]
[White "Lindstad, Livia"]
[Black "Swara Lakshmi S Nair"]
[Result "0-1"]
[ECO "B92"]
[WhiteElo "1848"]
[BlackElo "1659"]
[Annotator "NA RC"]
[PlyCount "88"]
[EventDate "2023.11.13"]
[EventType "swiss"]
[EventCountry "ITA"]
[SourceTitle "playchess.com"]
[Source "ChessBase"]
[SourceQuality "1"]
[TimeControl "40/5400+30:1800+30"]

1. e4 c5 2. Nf3 d6 3. d4 cxd4 4. Nxd4 Nf6 5. Nc3 a6 6. Be2 e5 7. Nb3 Be7 8. O-O O-O 9. Be3 Nc6 10. Qd2 Be6 11. Bf3 Rc8 12. Rfc1 b5 13. Nd5 Bxd5 14. exd5 Nb8 15. a4 bxa4 16. Rxa4 Qd7 17. Ra2 Qf5 18. Be2 Qe4 19. c4 Qg6 20. Ba7 Nfd7 21. Qd3 f5 22. Qh3 Rc7 23. Bxb8 Nxb8 24. f4 Bf6 25. fxe5 Bxe5 26. Rf1 Qg5 27. Bd3 g6 28. Nc1 Rb7 29. Ne2 Rxb2 30. Rxb2 Bxb2 31. Nf4 Rf7 32. Rb1 Qxf4 33. Qg3 Qxg3 34. hxg3 Bd4+ 35. Kf1 Nd7 36. Bc2 Ne5 37. Rb4 Rc7 38. Bb3 Kf7 39. Ra4 Rb7 40. Ba2 Rb2 41. c5 Bxc5 42. Rxa6 Rf2+ 43. Ke1 Nd3+ 44. Kd1 Be3 0-1

[Event "FIDE WYCC Girls U18 2023"]
[Site "Montesilvano"]
[Date "2023.11.23"]
[Round "10.23"]
[White "Sipos, Stefania"]
[Black "Sukyte, Kotryna"]
[Result "0-1"]
[ECO "B43"]
[WhiteElo "1932"]
[BlackElo "1651"]
[Annotator "NA RC"]
[PlyCount "168"]
[EventDate "2023.11.13"]
[EventType "swiss"]
[EventCountry "ITA"]
[SourceTitle "playchess.com"]
[Source "ChessBase"]
[SourceQuality "1"]
[TimeControl "40/5400+30:1800+30"]

1. e4 c5 2. Nf3 a6 3. Nc3 e6 4. d4 cxd4 5. Nxd4 b5 6. g3 Bb7 7. Bg2 b4 8. Na4 Qa5 9. c4 Nf6 10. O-O Nc6 11. b3 Be7 12. Re1 O-O 13. e5 Ne8 14. Nf3 d6 15. Be3 Qc7 16. Bb6 Qc8 17. exd6 Nxd6 18. Qd3 Rb8 19. Rad1 Ba8 20. h4 h6 21. Bh3 Ne8 22. Bc5 Bxc5 23. Nxc5 Nf6 24. Nxe6 Re8 25. Nf4 Qc7 26. Bg2 Rxe1+ 27. Rxe1 Rd8 28. Qf5 Qd6 29. Nh5 Nxh5 30. Qxh5 Qd3 31. Ne5 Nxe5 32. Qxe5 Bxg2 33. Kxg2 Qd7 34. Qe4 Qd2 35. Re2 Qd7 36. Qe7 Qxe7 37. Rxe7 Rd2 38. Re4 Rxa2 39. c5 Rc2 40. Rxb4 Rxc5 41. Rb6 Ra5 42. Kf3 g6 43. Ke4 Kg7 44. Kd4 Ra2 45. f3 Rd2+ 46. Ke3 Ra2 47. g4 Ra1 48. g5 hxg5 49. hxg5 Re1+ 50. Kd4 Rd1+ 51. Kc4 Rc1+ 52. Kb4 Ra1 53. Rf6 Ra2 54. f4 Ra1 55. Kc5 Rc1+ 56. Kd4 Rd1+ 57. Kc3 Ra1 58. Kb2 Ra5 59. Kc3 Ra2 60. b4 Ra1 61. Kd4 Rd1+ 62. Kc5 Rc1+ 63. Kd6 Rc4 64. Ke7 Re4+ 65. Kd7 Rxb4 66. f5 a5 67. fxg6 fxg6 68. Re6 Rd4+ 69. Ke8 Rd5 70. Ra6 Rxg5 71. Ra7+ Kh6 72. Ra6 Rf5 73. Ke7 Kg5 74. Kd7 Kh5 75. Ke6 Rb5 76. Kf6 g5 77. Ra8 Kg4 78. Ke6 Kg3 79. Rc8 g4 80. Rc3+ Kh2 81. Rc2+ Kh3 82. Rc8 g3 83. Rh8+ Kg4 84. Kf6 Rf5+ 0-1

[Event "FIDE WYCC Girls U18 2023"]
[Site "Montesilvano"]
[Date "2023.11.23"]
[Round "10.24"]
[White "Belattar, Ines"]
[Black "Katter, Katharina"]
[Result "1/2-1/2"]
[ECO "D00"]
[WhiteElo "1623"]
[BlackElo "1887"]
[Annotator "NA RC"]
[PlyCount "50"]
[EventDate "2023.11.13"]
[EventType "swiss"]
[EventCountry "ITA"]
[SourceTitle "playchess.com"]
[Source "ChessBase"]
[SourceQuality "1"]
[TimeControl "40/5400+30:1800+30"]

1. d4 d5 2. Bf4 Nf6 3. e3 c5 4. c3 Nc6 5. Nd2 e6 6. Ngf3 Nh5 7. Be5 f6 8. Bg3 Nxg3 9. hxg3 Qb6 10. Qc2 Bd7 11. Rxh7 Rxh7 12. Qxh7 O-O-O 13. Qc2 e5 14. dxc5 Bxc5 15. Nb3 Bd6 16. Qg6 a5 17. Qxg7 a4 18. Qxf6 Nb4 19. Nbd4 exd4 20. Nxd4 Re8 21. Qg5 Re5 22. Qg8+ Re8 23. Qg5 Re5 24. Qg8+ Re8 25. Qg5 Re5 1/2-1/2

[Event "FIDE WYCC Girls U18 2023"]
[Site "Montesilvano"]
[Date "2023.11.23"]
[Round "10.25"]
[White "Hoanca, Alexia-Ioana"]
[Black "Largo, Franchesca"]
[Result "0-1"]
[ECO "B07"]
[WhiteElo "1830"]
[BlackElo "1658"]
[Annotator "NA RC"]
[PlyCount "110"]
[EventDate "2023.11.13"]
[EventType "swiss"]
[EventCountry "ITA"]
[SourceTitle "playchess.com"]
[Source "ChessBase"]
[SourceQuality "1"]
[TimeControl "40/5400+30:1800+30"]

1. e4 d6 2. d4 Nf6 3. Nc3 e5 4. Nf3 exd4 5. Nxd4 Be7 6. Bc4 O-O 7. O-O Nc6 8. Re1 Ne5 9. Bf1 Re8 10. h3 Bf8 11. f4 Ned7 12. g4 Nc5 13. Bg2 a5 14. g5 Nfd7 15. h4 c6 16. h5 Nb6 17. f5 Nc4 18. Bf4 Ne5 19. Re3 b5 20. Rg3 b4 21. Nce2 Qc7 22. Qe1 Ned7 23. g6 Nxe4 24. gxf7+ Kxf7 25. Bxe4 Rxe4 26. Qf2 Nf6 27. Qf3 h6 28. Ne6 Bxe6 29. fxe6+ Rxe6 30. Kh1 Rae8 31. Nd4 Re1+ 32. Rxe1 Rxe1+ 33. Kg2 c5 34. Nf5 Qd7 35. Ne3 Qe6 36. Rg6 d5 37. Kf2 Rb1 38. Kg2 Qe4 39. Qxe4 dxe4 40. Be5 Re1 41. Kf2 Rh1 42. Bxf6 gxf6 43. Rg4 Rxh5 44. Rxe4 Bd6 45. Nc4 Bc7 46. Kg1 Rh2 47. Nxa5 Rxc2 48. Nc4 f5 49. Rh4 Bg3 50. Rh3 Rxc4 51. Rxg3 Rg4 52. Kf2 Rxg3 53. Kxg3 c4 54. a4 c3 55. a5 cxb2 0-1

[Event "FIDE WYCC Girls U18 2023"]
[Site "Montesilvano"]
[Date "2023.11.23"]
[Round "10.26"]
[White "Zubova, Darja"]
[Black "Menon, Gauri"]
[Result "*"]
[WhiteElo "1582"]
[BlackElo "1821"]
[Annotator "NA RC"]
[PlyCount "50"]
[EventDate "2023.11.13"]
[EventType "swiss"]
[EventCountry "ITA"]
[SourceTitle "playchess.com"]
[Source "ChessBase"]
[SourceQuality "1"]
[TimeControl "40/5400+30:1800+30"]

1. e4 c5 2. Nf3 e6 3. c3 d5 4. exd5 Qxd5 5. d4 Nf6 6. Nbd2 Nc6 7. Bc4 Qd8 8. Nb3 cxd4 9. Nbxd4 Bc5 10. Bg5 Nxd4 11. Nxd4 O-O 12. O-O Qc7 13. Bd3 Bxd4 14. cxd4 Qa5 15. Bf4 Bd7 16. Re1 Qh5 17. f3 Nd5 18. Bg3 Qg5 19. Re4 Bc6 20. Rh4 h6 21. Qe1 Qe3+ 22. Qxe3 Nxe3 23. Rh5 Rfd8 24. Re1 Nd5 25. Bf2 Nf4 *

[Event "FIDE WYCC Girls U18 2023"]
[Site "Montesilvano"]
[Date "2023.11.23"]
[Round "10.27"]
[White "Tsapaki, Asimenia"]
[Black "Alexandrova, Angelina"]
[Result "*"]
[WhiteElo "1702"]
[BlackElo "1814"]
[Annotator "NA RC"]
[PlyCount "49"]
[EventDate "2023.11.13"]
[EventType "swiss"]
[EventCountry "ITA"]
[SourceTitle "playchess.com"]
[Source "ChessBase"]
[SourceQuality "1"]
[TimeControl "40/5400+30:1800+30"]

1. e4 e6 2. d4 d5 3. Nc3 Bb4 4. Nge2 dxe4 5. a3 Bxc3+ 6. Nxc3 Nc6 7. d5 exd5 8. Qxd5 Be6 9. Qxe4 Nf6 10. Qa4 O-O 11. Bd2 a6 12. O-O-O Qe7 13. Bg5 h6 14. Bh4 g5 15. Bg3 Rfb8 16. Ne4 Ng4 17. c4 b5 18. cxb5 axb5 19. Qc2 b4 20. a4 Bf5 21. Bd3 Nd4 22. Qc4 Rd8 23. Nc5 Bxd3 24. Rxd3 Ne2+ 25. Kb1 *

[Event "FIDE WYCC Girls U18 2023"]
[Site "Montesilvano"]
[Date "2023.11.23"]
[Round "10.28"]
[White "Gavrileva, Anna"]
[Black "Hernandez Ortega, Carolina"]
[Result "0-1"]
[ECO "A46"]
[WhiteElo "1316"]
[BlackElo "1796"]
[Annotator "NA RC"]
[PlyCount "62"]
[EventDate "2023.11.13"]
[EventType "swiss"]
[EventCountry "ITA"]
[SourceTitle "playchess.com"]
[Source "ChessBase"]
[SourceQuality "1"]
[TimeControl "40/5400+30:1800+30"]

1. d4 Nf6 2. Nf3 e6 3. Bf4 b6 4. e3 Bb7 5. Bd3 Be7 6. h3 d6 7. Nbd2 Nbd7 8. O-O O-O 9. c3 c5 10. Qe2 Qc7 11. Bh2 Rfe8 12. e4 cxd4 13. cxd4 e5 14. Rac1 Qb8 15. Rfd1 Bf8 16. dxe5 dxe5 17. Bb5 Re7 18. b4 a6 19. Bxd7 Nxd7 20. Nc4 b5 21. Rxd7 Rxd7 22. Nb6 Rc7 23. Rd1 Qe8 24. Nxa8 Bxa8 25. a3 f6 26. Ne1 Qc6 27. f3 Qc4 28. Qd2 a5 29. bxa5 Bc5+ 30. Kh1 Qf1+ 31. Bg1 Qxg1# 0-1